 Dungeon Crawl Stone Soup version 0.27-a0-414-gbb19ded6d3 (webtiles) character file.

Game seed: 6154006861909907552

4379 Anon1729 the Cleaver (level 10, -3/90 HPs)
             Began as a Hill Orc Fighter on Feb 24, 2021.
             Slain by a troll (10 damage)
             ... on level 9 of the Dungeon.
             The game lasted 00:13:35 (11277 turns).

Anon1729 the Cleaver (Hill Orc Fighter)            Turns: 11277, Time: 00:13:35

Health: -3/90      AC: 10    Str: 23    XL:     10   Next: 35%
Magic:  16/16      EV:  8    Int:  8    God:
Gold:   201        SH: 11    Dex: 10    Spells: 9/9 levels left

rFire    + . .     SeeInvis +   a - +0 war axe
rCold    . . .     Faith    +   c - +0 kite shield
rNeg     . . .     Spirit   .   K - +0 scale mail {rC+}
rPois    .         Reflect  .   h - +0 helmet
rElec    .         Harm     .   P - +0 cloak
rCorr    .         Rampage  .   (no gloves)
Will     .....                  (no boots)
Stlth    ..........             A - amulet of faith
HPRegen  0.25/turn              m - ring of fire
MPRegen  0.15/turn              y - ring of see invisible

@: no status effects
A: no striking features
a: no special abilities


You were on level 9 of the Dungeon.
You visited 2 branches of the dungeon, and saw 10 of its levels.
You also visited: Sewer.

You collected 454 gold pieces.
You spent 253 gold pieces at shops.

Inventory:

Hand Weapons
 a - a +0 war axe (weapon)
 u - a +2 dagger of venom
 N - a +6 quarterstaff of speed
Armour
 b - a +0 scale mail
 c - a +0 kite shield (worn)
 h - a +0 helmet (worn)
 K - a +0 scale mail of cold resistance (worn)
 P - a +0 cloak (worn)
Jewellery
 m - a ring of fire (left hand)
 t - a ring of flight
 y - a ring of see invisible (right hand)
 A - an amulet of faith (around neck)
 I - a ring of poison resistance
Wands
 i - a wand of random effects (13)
 z - a wand of charming (7)
 F - a wand of digging (6)
 G - a wand of polymorph (6)
 M - a wand of acid (3)
Scrolls
 e - a scroll of fear
 f - 3 scrolls of magic mapping
 j - a scroll of silence
 k - 3 scrolls of enchant armour
 p - 2 scrolls of teleportation
 q - a scroll of random uselessness {unknown}
 r - a scroll of enchant weapon {unknown}
 w - 2 scrolls of blinking {unknown}
 B - a scroll of immolation {unknown}
 C - a scroll of fog {unknown}
 D - 4 scrolls of amnesia {unknown}
 L - a scroll of holy word {unknown}
 Q - 2 scrolls of identify
Potions
 d - 2 potions of might
 g - 2 potions of haste {unknown}
 l - 2 potions of magic
 n - a potion of flight
 s - 3 potions of invisibility {unknown}
 v - a potion of heal wounds
 x - 2 potions of lignification
 E - a potion of berserk rage
 H - a potion of attraction
 J - 4 potions of curing
 O - 3 potions of mutation
Miscellaneous
 o - a box of beasts


   Skills:
 + Level 8.8 Fighting
 + Level 9.1 Axes
 + Level 8.0 Armour
 + Level 7.9 Shields
 + Level 8.4 Invocations


You had 9 spell levels left.
You didn't know any spells.
Your spell library was empty.

Dungeon Overview and Level Annotations

Branches:
Dungeon (9/15)             Temple (1/1) D:6           Sewer (visited)
   Lair: D:8-11         Orc: D:9-12

Altars:
Ashenzari
Cheibriados
Dithmenos
Elyvilon
Gozag
Hepliaklqana
Kikubaaqudgha
Nemelex Xobeh
Okawaru
Sif Muna
Vehumet
Xom
Yredelemnul
Zin
The Shining One

Shops:
D:5 *!==!


Message History

You closely miss the troll. The troll bites you! You block the troll's attack.
The troll claws you but does no damage. You block the troll's attack. x2
The troll claws you but does no damage.
You hit the troll but do no damage. The troll bites you but does no damage.
You block the troll's attack. x2; The bullfrog hits you.
You closely miss the bullfrog. You closely miss the troll.
The bullfrog hits you but does no damage.
The troll bites you. You block the troll's attack. The troll claws you.
The bullfrog hits you.
You slash the bullfrog!
The bullfrog is moderately wounded.
You slash the troll! You block the bullfrog's attack. The troll bites you!
The troll claws you but does no damage. The troll claws you!
The bullfrog barely misses you.
You slash the bullfrog!
The bullfrog is almost dead.
You hit the troll. You block the troll's attack. x2
The troll claws you but does no damage. You block the bullfrog's attack.
The troll bites you! The troll closely misses you.
The troll claws you but does no damage. You block the bullfrog's attack.
You slash the bullfrog!
You kill the bullfrog!
You hit the troll.
The troll is moderately wounded.
You block the troll's attack. The troll claws you.
The troll closely misses you. The troll bites you.
The troll claws you but does no damage. The troll claws you.
* * * LOW HITPOINT WARNING * * *
Unknown command.
You hit the troll.
The troll is moderately wounded.
The troll bites you.
* * * LOW HITPOINT WARNING * * *
The troll claws you!
* * * LOW HITPOINT WARNING * * *
The troll claws you.
* * * LOW HITPOINT WARNING * * *
The troll bites you!
You die...

## #.#####...+.......'..#.'.....
.####.........#.......#..#†#.....
..............#.......#..#.#.....
...#+#+#####..#.......#..#.######
...'.......#..#########..#.......
...#.......#.............#.......
...#)......#.............#.......
+###.......#..############.......
...........#'##.@T...............
.................##'####...######
..####...........#.....#...# ##
#.####+###..#.....#...#
+.#......#..#.....#...#
#.#......#..#.....#...#
#.#......#..#.....#...#
#.#......#..#.....#....
#.#......#..#.....#.####


You could see a troll.

Vanquished Creatures
  Pikel (D:6)
  Joseph (D:7)
  Maurice (D:8)
  An efreet (D:9)
  Prince Ribbit (D:5)
  3 yaks
  A water moccasin (Sewer)
  2 ice beasts
  An orc warrior (D:6)
  A sky beast (D:5)
  A black bear (D:7)
  3 ogres
  A centaur (D:7)
  4 lemures
  A phantom (D:7)
  2 bullfrogs
  3 scorpions
  6 hounds
  2 bullfrog skeletons
  2 orc priests
  2 jellies
  A centaur skeleton (D:6)
  3 iguanas
  4 orc wizards
  3 worker ants
  3 hound skeletons
  13 adders
  4 gnolls (D:4)
  3 shadow imps
  5 white imps
  An ufetubus (D:9)
  2 oozes
  An adder zombie (D:6)
  An adder skeleton (D:6)
  4 worms
  A dart slug (D:2)
  4 leopard geckos
  28 orcs
  2 ball pythons
  7 giant cockroaches
  9 goblins
  5 hobgoblins
  7 jackals
  9 kobolds
  2 quokkas
  7 bats
  9 frilled lizards
  A jackal skeleton (D:6)
  A leopard gecko skeleton (D:4)
  A quokka zombie (D:5)
  8 rats
189 creatures vanquished.

Vanquished Creatures (collateral kills)
  Sigmund (D:3)
1 creature vanquished.

Grand Total: 190 creatures vanquished

Notes
Turn   | Place    | Note
-------+----------+-------------------------------------------
     0 | D:1      | Anon1729 the Hill Orc Fighter began the quest for the Orb.
     0 | D:1      | Reached XP level 1. HP: 19/19 MP: 1/1
   260 | D:1      | Reached skill level 3 in Axes
   260 | D:1      | Reached XP level 2. HP: 27/27 MP: 2/2
   592 | D:1      | Reached skill level 1 in Invocations
   730 | D:1      | Reached XP level 3. HP: 33/33 MP: 3/3
   999 | D:2      | Found a faded altar of an unknown god.
  1627 | D:3      | Reached XP level 4. HP: 39/40 MP: 5/5
  1817 | D:3      | Reached XP level 5. HP: 5/47 MP: 6/6
  1826 | D:3      | HP: 2/47 [poisoned by an adder]
  1832 | D:3      | HP: 2/47 [poisoned by an adder]
  1955 | D:3      | Noticed Sigmund
  2043 | D:3      | Found a glowing drain.
  2055 | Sewer    | Entered a sewer
  2302 | Sewer    | Noticed a water moccasin
  2327 | Sewer    | Killed a water moccasin
  2328 | Sewer    | Reached skill level 4 in Axes
  2328 | Sewer    | Reached XP level 6. HP: 7/55 MP: 6/8
  2331 | Sewer    | HP: 2/55 [poisoned by a water moccasin]
  2941 | D:3      | Killed Sigmund
  2942 | D:3      | Reached skill level 5 in Fighting
  3512 | D:4      | Reached XP level 7. HP: 46/61 MP: 9/9
  3741 | D:4      | Reached skill level 5 in Axes
  3753 | D:4      | Reached skill level 5 in Armour
  3753 | D:4      | Reached skill level 5 in Shields
  4480 | D:4      | Found a hazy altar of Hepliaklqana.
  4611 | D:4      | Found a shadowy altar of Dithmenos.
  4746 | D:5      | Entered Level 5 of the Dungeon
  4899 | D:5      | Found Dairirch's Jewellery Shoppe.
  4905 | D:5      | Reached XP level 8. HP: 70/70 MP: 11/11
  4915 | D:5      | Found Xutoigyl's Distillery.
  4920 | D:5      | Bought a potion of degeneration for 11 gold pieces
  4920 | D:5      | Bought a potion of heal wounds for 55 gold pieces
  4920 | D:5      | Bought 2 potions of lignification for 66 gold pieces
  4924 | D:5      | Bought a potion of attraction for 33 gold pieces
  4924 | D:5      | Bought a potion of mutation for 88 gold pieces
  4927 | D:5      | Found Nostus Zucuh's Jewellery Boutique.
  4947 | D:5      | Found Voryukhyma's Distillery.
  5304 | D:5      | Reached skill level 5 in Invocations
  5338 | D:5      | Reached skill level 6 in Axes
  5397 | D:5      | Found a shimmering altar of Xom.
  5400 | D:5      | Found a shimmering blue altar of Sif Muna.
  5400 | D:5      | Found an opulent altar of Gozag.
  5402 | D:5      | Found a shimmering altar of Xom.
  5402 | D:5      | Found an ornate altar of the Wu Jian Council.
  5402 | D:5      | Found a stormy altar of Qazlal.
  5748 | D:5      | Found Sajos's General Store.
  6253 | D:6      | Noticed Pikel
  6268 | D:6      | Killed Pikel
  6269 | D:6      | Reached skill level 7 in Axes
  6320 | D:6      | Found a staircase to the Ecumenical Temple.
  6363 | D:6      | Reached XP level 9. HP: 69/79 MP: 13/13
  6416 | D:6      | Noticed Prince Ribbit
  6439 | Temple   | Entered the Ecumenical Temple
  7739 | D:5      | Killed Prince Ribbit
  8257 | D:6      | Found an opulent altar of Gozag.
  8485 | D:7      | Found an iron altar of Okawaru.
  8595 | D:7      | Reached skill level 8 in Axes
  8855 | D:7      | Noticed Joseph
  8869 | D:7      | HP: 2/81 [Joseph/+6 quarterstaff of speed (11)]
  8877 | D:7      | Killed Joseph
 10001 | D:8      | Noticed Maurice
 10029 | D:8      | Killed Maurice
 10030 | D:8      | Reached XP level 10. HP: 84/89 MP: 15/15
 10660 | D:9      | Reached skill level 9 in Axes
 11262 | D:9      | HP: 4/90 [troll (5)]
 11277 | D:9      | Slain by a troll

Illustrated notes

Levels and vault maps discovered:
D:1:      dpeg_arrival_line_fractal, layout_basic, corexii_corridor_pit,
          minmay_misc_feat_alley
D:2:      layout_rooms, chequers_ecumenical_altar_twisty
D:3:      layout_rooms, portal_sewer_entry_b, uniq_sigmund
D:4:      layout_gridville, nzn_hepliaklqana_mist_gate,
          nicolae_dithmenos_through_a_glass_darkly
D:5:      layout_basic, serial_shops, shop_fountains, kennysheep_mini, shop,
          shop, nicolae_shop_temple_entry_statues_fountains, doesnt_xom_only_xom
D:6:      layout_cave_pools, nicolae_gozag_cash_rules_everything_around_me,
          nicolae_overflow_hidden_temple, temple_fountains, uniq_eustachio,
          uniq_pikel, uniq_prince_ribbit1
D:7:      layout_layer_cave, lemuel_doored_altar, uniq_joseph
D:8:      cheibrodos_elevator_heist, layout_loops_corners,
          minmay_overflow_temple_star_hex, uniq_maurice
D:9:      layout_irregular_city, kennysheep_mini_moat, serial_shops,
          nicolae_shop_statue_plus
Temple:   eino_temple_lava

Skill      XL: |  1  2  3  4  5  6  7  8  9 10 |
---------------+-------------------------------+-----
Axes           | 3 4 5 7 8 9 |  9.1
Invocations    | 1 2 3 4 6 7 8 |  8.4
Fighting       | 4 5 7 8 |  8.8
Shields        | 4 5 6 7 |  7.9
Armour         | 4 5 6 7 8 |  8.0

Action                   |  1- 3 |  4- 6 |  7- 9 | 10-12 || total
-------------------------+-------+-------+-------+-------++-------
Melee: War axe           |   127 |   162 |   469 |    77 ||   835
Evoke: Box of beasts     |       |     1 |       |       ||     1
       Wand              |       |       |       |     2 ||     2
  Use: Potion            |       |     5 |     2 |       ||     7
       Scroll            |       |     3 |     3 |       ||     6
Armor: Scale mail        |    78 |    88 |   207 |    26 ||   399
       Skin              |       |       |     5 |       ||     5
Dodge: Dodged            |    46 |    62 |   163 |    24 ||   295
Block: Kite shield       |    79 |   107 |   295 |    46 ||   527

Table legend: (Time is in decaauts)
 A = Elapsed time spent in this place.
 B = Non-inter-level travel time spent in this place.
 C = Inter-level travel time spent in this place.
 D = Time resting spent in this place.
 E = Time spent auto-exploring this place.
 F = Levels seen in this place.
 G = Mean time per level.
                   A        B        C        D        E       F      G
               +--------+--------+--------+--------+--------+-----+--------+
         Total |  11663 |  11335 |    328 |   2584 |   6668 |  11 | 1060.3 |
       Dungeon |  10524 |  10196 |    328 |   1941 |   6318 |   9 | 1169.3 |
        Temple |    524 |    524 |      0 |    204 |    277 |   1 |  524.0 |
         Sewer |    614 |    614 |      0 |    438 |     73 |   1 |  614.0 |
               +--------+--------+--------+--------+--------+-----+--------+

Top non-repeatable levels by time:
     D:5: 1975 daAuts
     D:7: 1326 daAuts
     D:4: 1310 daAuts
     D:6: 1254 daAuts
     D:3: 1110 daAuts
     D:2: 1067 daAuts
     D:1: 890 daAuts
     D:8: 849 daAuts
     D:9: 740 daAuts
   Sewer: 614 daAuts
  Temple: 524 daAuts
